 Dungeon Crawl Stone Soup version 0.24-a0-581-gc0fa660 (webtiles) character file.

66670 KarmaPolice the Lord of Darkness (level 14, -9/87 HPs)
             Began as a Vampire Assassin on July 26, 2018.
             Was the Champion of Kikubaaqudgha.
             Mangled by a death yak (10 damage)
             ... on level 5 of the Lair of Beasts on Aug 25, 2019.
             The game lasted 05:27:07 (44837 turns).

KarmaPolice the Lord of Darkness (VpAs)            Turns: 44837, Time: 05:27:07

Health: -9/87      AC: 13    Str:  4 (15) XL:     14   Next: 80%
Magic:  26/26      EV:  6    Int:  5 (13) God:    Kikubaaqudgha [******]
Gold:   1280       SH:  0    Dex: 14 (22) Spells: 16/30 levels left

rFire    + + .     SeeInvis +   Y - +1 dagger (drain)
rCold    + . .     Gourm    .   (no shield)
rNeg     + + +     Faith    .   K - +1 scale mail of the Gardener {rF+ Dex+3 Stlth+}
rPois    ∞         Spirit   .   y - +0 helmet
rElec    .         Reflect  .   P - scarf {repulsion}
rCorr    .         Harm     .   S - +2 pair of gloves {Str+3}
MR       +....                  (no boots)
Stlth    ++++++....             d - amulet of regeneration
HPRegen  0.00/turn              x - +4 ring of slaying
MPRegen  0.20/turn              N - ring of fire

@: confusing touch, bloodless, regenerating quickly, repel missiles
A: no food, fangs 3, see invisible, unbreathing
a: Bat Form, Revivify, Receive Corpses, Torment, Brand Weapon With Pain, Receive
Necronomicon, Renounce Religion


You were on level 5 of the Lair of Beasts.
You worshipped Kikubaaqudgha.
Kikubaaqudgha was exalted by your worship.
You were bloodless.

You visited 4 branches of the dungeon, and saw 22 of its levels.
You also visited: Sewer.

You collected 1718 gold pieces.
You spent 438 gold pieces at shops.

Inventory:

Hand Weapons
 b - a +0 blowgun
 g - a +0 scimitar of flaming
 U - a +4 dagger of pain
 Y - a +1 dagger of draining (weapon)
Missiles
 a - 2 boomerangs of dispersal
 f - 3 curare-tipped darts
 z - 55 poisoned darts (quivered)
 H - 4 atropa-tipped darts
 O - 2 throwing nets
Armour
 h - a +0 troll leather armour
 y - a +0 helmet (worn)
 K - the +1 scale mail of the Gardener (worn) {rF+ Dex+3 Stlth+}
   (You found it on level 2 of the Lair of Beasts)

   It affects your dexterity (+3).
   It protects you from fire.
   It makes you more stealthy.
 P - a scarf of repulsion (worn)
 S - a +2 pair of gloves of strength (worn)
Jewellery
 d - an amulet of regeneration (around neck)
 l - the ring "Caguokk" {Wiz *Drain rElec MR++ MP+9, unknown}
   (You found it on level 6 of the Lair of Beasts)

   [ring of wizardry]

   It improves your spell success rate.
   It insulates you from electricity.
   It affects your resistance to hostile enchantments.
   It affects your magic capacity (+9).
   It causes draining when unequipped.
 p - an uncursed ring of protection from cold
 s - an uncursed ring of wizardry {unknown}
 x - a +4 ring of slaying (left hand)
 C - an uncursed ring of resist corrosion
 G - an uncursed ring of positive energy
 N - a ring of fire (right hand)
Wands
 e - a wand of random effects (19)
 D - a wand of digging (6)
 W - a wand of flame (17)
Scrolls
 i - 2 scrolls of teleportation
 j - a scroll of summoning
 m - 8 scrolls of remove curse
 n - 4 scrolls of amnesia
 r - a scroll of immolation {unknown}
 w - a scroll of fear
 E - 4 scrolls of enchant weapon
 I - a scroll of enchant armour {unknown}
 J - 4 scrolls of magic mapping
 L - 4 scrolls of fog
 M - a scroll of silence {unknown}
 T - 2 scrolls of identify
 V - a scroll of brand weapon
Potions
 o - a potion of mutation
 q - a potion of haste
 u - a potion of berserk rage
 v - 2 potions of ambrosia
 A - 2 potions of invisibility
 F - 3 potions of lignification
 Q - 3 potions of flight
 R - 3 potions of brilliance
Miscellaneous
 k - a phantom mirror


   Skills:
 + Level 9.8 Fighting
 - Level 9.5(10.3) Short Blades
 - Level 5.7(8.0) Long Blades
 - Level 6.0 Throwing
 - Level 6.9 Armour
 - Level 1.1 Dodging
 - Level 10.0 Stealth
 - Level 8.6 Spellcasting
 + Level 11.4 Hexes
 + Level 11.5 Necromancy
 - Level 4.0 Ice Magic
 + Level 8.3 Evocations


You had 16 spell levels left.
You knew the following spells:

 Your Spells              Type           Power        Failure   Level  Hunger
a - Vampiric Draining     Necr           ##........   13%         3    N/A
b - Animate Dead          Necr           N/A          41%         4    N/A
c - Simulacrum            Ice/Necr       #.........   100%        6    N/A
d - Confusing Touch       Hex            ##....       4%          1    N/A

Your spell library contained the following spells:

 Spells                   Type           Power        Failure   Level  Hunger
 Animate Skeleton         Necr           N/A          4%          1    N/A
 Pain                     Necr           ##..         4%          1    N/A
 Sublimation of Blood     Necr           ##........   7%          2    N/A
 Agony                    Necr           ##......     77%         5    N/A
 Dispel Undead            Necr           ##......     77%         5    N/A
 Apportation              Tloc           #.....       99%         1    N/A
 Beastly Appendage        Tmut           #.....       99%         1    N/A
 Summon Small Mammal      Summ           #...         99%         1    N/A
 Sticks to Snakes         Tmut           #.......     100%        2    N/A
 Spider Form              Tmut/Pois      #.........   100%        3    N/A
 Ice Form                 Ice/Tmut       #.......     100%        4    N/A
 Blade Hands              Tmut           #.........   100%        5    N/A
 Borgnjor's Vile Clutch   Necr/Erth      #.........   100%        5    N/A

Dungeon Overview and Level Annotations

Branches:
Dungeon (13/15)            Temple (1/1) D:5            Lair (6/6) D:8
  Swamp (0/4) Lair:4       Spider (0/4) Lair:4        Slime (0/5) Lair:5
    Orc (2/2) D:11            Elf (0/3) Orc:2
 Vaults: D:13-14

Altars:
Ashenzari
Dithmenos
Elyvilon
Fedhas
Gozag
Hepliaklqana
Kikubaaqudgha
Makhleb
Nemelex Xobeh
Okawaru
Qazlal
Ru
Sif Muna
Trog
Uskayaw
Vehumet
Wu Jian
Xom
Yredelemnul
Zin
The Shining One
Beogh

Shops:
D:5 *   D:6 :   D:12 }   Orc:1 ?

Annotations:
D:4 Menkaure
D:12 3 runed translucent doors, vegansnacktivist's ghost, journeyman DDFi
D:13 1 runed translucent door, exclusion: obsidian statue, Frances
Lair:2 exclusion: oklob plant
Lair:5 Rupert
Orc:1 2 transporters, 27lvlRevel's ghost, journeyman GnSk
Orc:2 Donald


Innate Abilities, Weirdness & Mutations

You do not eat.
You do not regenerate when monsters are visible.
You are frail without blood (-20% HP).
You are immune to poison.
You have razor-sharp teeth.
You have supernaturally acute eyesight. (SInv)
You can survive without breathing.


Message History

Casting: Confusing Touch (safe; 4% risk of failure)
Confirm with . or Enter, or press ? or * to list all spells.
Your hands begin to glow red.
The death yak gores you!
You hit the death yak but do no damage.
You bite the death yak, but do no damage.
The death yak gores you!!
You hit the death yak but do no damage. You hit the death yak but do no damage.
The death yak gores you!
* * * LOW HITPOINT WARNING * * *
You hit the death yak but do no damage. You hit the death yak but do no damage.
The death yak gores you!
* * * LOW HITPOINT WARNING * * *
You feel better. The death yak gores you!!
* * * LOW HITPOINT WARNING * * *
As you read the scroll of fear, it crumbles to dust.
You assume a fearsome visage.
The death yak resists with almost no effort.
The death yak gores you!
You die...
Kikubaaqudgha rasps: "You have failed me!
Welcome... oblivion!"

#....P..........#...#..#...≈≈
#.......................≈..≈≈
#P.........................≈≈
##..........................≈≈
#................>........≈.≈≈
##.........................≈.≈
##..........#(....P#.[.#....≈≈
#.#..[.....#(.Y.......#..P.≈≈≈
##.....#...(.@...........#..≈≈
##...##..(.......##.......#≈≈
##....##..........##.....####≈
#......#.(........##.#...##
###...##.P##......#.#.###.####
#...@P..##.#.................
#............................
##...........................
#.#......##.#P#......P.##.#.#


You could see a death yak.

Vanquished Creatures
  Kirke (Lair:4)
  Nessos (Lair:5)
  2 ettins (Orc:1)
  7 hydras
  Harold (D:8)
  Erica (D:11)
  An anaconda (Lair:6)
  7 death yaks
  3 two-headed ogres
  Urug (D:11)
  Sonja (Lair:1)
  Nergalle (D:10)
  An unseen horror (D:10)
  An orc knight (Orc:1)
  A wolf spider (D:12)
  An orc sorcerer (Orc:1)
  2 cyclopes
  A manticore (D:12)
  3 black mambas
  Maurice (D:10)
  A torpor snail (Lair:6)
  5 spiny frogs
  3 rime drakes
  13 komodo dragons
  A queen bee (D:8)
  4 trolls
  A tyrant leech (Lair:4)
  9 polar bears
  9 hippogriffs
  A dream sheep (Lair:6)
  Prince Ribbit (D:7)
  6 raiju (Lair:6)
  3 blink frogs (Lair:3)
  Sigmund (D:3)
  A shadow (D:13)
  Eustachio (D:4)
  57 yaks
  A vampire (D:11)
  A spriggan (Lair:5)
  A wyvern (Lair:3)
  7 hogs
  A wraith (D:13)
  4 basilisks
  2 hungry ghosts
  A human (D:9)
  2 vampire mosquitoes (D:12)
  3 wargs
  A swamp worm (Lair:4)
  A soldier ant (D:12)
  8 porcupines
  10 hell hounds
  11 water moccasins
  20 orc warriors
  15 black bears
  3 sky beasts
  2 ice beasts
  3 necrophages
  An eye of draining (D:12)
  11 ogres
  2 phantoms
  5 centaurs
  35 wolves
  12 crocodiles
  3 big kobolds
  A wyvern zombie (D:11)
  13 bullfrogs
  2 gnoll sergeants
  2 scorpions
  2 wights
  27 killer bees
  4 electric eels (D:8)
  A howler monkey (D:5)
  10 crimson imps
  2 bullfrog zombies
  5 bullfrog skeletons
  5 jellies
  14 orc priests
  9 hounds
  25 orc wizards
  2 centaur skeletons
  3 centaur zombies
  A gnoll shaman (D:8)
  Terence (D:2)
  An iguana (D:4)
  8 worker ants
  A howler monkey zombie (D:10)
  Robin (D:2)
  23 gnolls
  11 adders
  A river rat (D:3)
  5 shadow imps
  An ooze (D:2)
  2 adder skeletons
  2 adder zombies
  A worm (D:3)
  10 leopard geckos
  88 orcs
  10 giant cockroaches
  14 goblins
  8 hobgoblins
  10 jackals
  20 kobolds
  2 quokkas
  A ball python skeleton (D:4)
  2 bats (D:1)
  3 frilled lizards
  A leopard gecko skeleton (D:6)
  A quokka skeleton (D:5)
  8 rats
685 creatures vanquished.

Vanquished Creatures (collateral kills)
  A spiny frog (Lair:4)
  2 yaks (Lair:2)
  A basilisk (Lair:2)
  A water moccasin (Lair:3)
  A hell hound (Lair:5)
  A porcupine (Lair:3)
  4 wolves
  A bullfrog (Lair:3)
  2 fungi (Lair:4)
14 creatures vanquished.

Vanquished Creatures (others)
  A human (Lair:5)
  20 fungi
  20 plants
41 creatures vanquished.

Grand Total: 740 creatures vanquished

Notes
Turn   | Place    | Note
-------+----------+-------------------------------------------
     0 | D:1      | KarmaPolice the Vampire Assassin began the quest for the
                  | Orb.
     0 | D:1      | Reached XP level 1. HP: 16/16 MP: 1/1
   238 | D:1      | Reached XP level 2. HP: 14/22 MP: 2/2
   771 | D:2      | Found a shadowy altar of Dithmenos.
   942 | D:2      | Noticed Terence
   946 | D:2      | Killed Terence
   946 | D:2      | Reached XP level 3. HP: 28/28 MP: 3/3
  1095 | D:2      | Reached XP level 4. HP: 34/34 MP: 1/4
  1957 | D:2      | Found a radiant altar of Vehumet.
  2606 | D:3      | Noticed a sky beast
  2798 | D:3      | Found a glowing drain.
  3016 | Sewer    | Entered a sewer
  3052 | D:3      | Reached XP level 5. HP: 30/41 MP: 3/5
  3126 | D:3      | Killed a sky beast
  3260 | D:3      | Found a shattered altar of Ashenzari.
  3697 | D:3      | Noticed Robin
  3702 | D:3      | Noticed Sigmund
  3739 | D:2      | Killed Robin
  4039 | D:3      | Killed Sigmund
  4039 | D:3      | Reached skill level 5 in Short Blades
  4039 | D:3      | Reached XP level 6. HP: 25/47 MP: 6/6
  5505 | D:4      | Reached XP level 7. HP: 38/52 MP: 7/7
  6120 | D:4      | Upgraded the game from 0.22-a0-848-ge9e22a0 to
                  | 0.23-a0-14-g8c9a20f
  6519 | D:4      | Noticed Eustachio
  6529 | D:4      | Upgraded the game from 0.23-a0-14-g8c9a20f to
                  | 0.23-a0-573-g25f4479
  6567 | D:4      | Noticed Menkaure
  6769 | D:4      | Killed Eustachio
  6809 | D:4      | Found a blossoming altar of Fedhas.
  7262 | D:5      | Entered Level 5 of the Dungeon
  7272 | D:5      | Found Fedeqau's General Store.
  7325 | D:5      | Found a staircase to the Ecumenical Temple.
  7593 | Temple   | Entered the Ecumenical Temple
  7790 | D:5      | Found a stormy altar of Qazlal.
  7791 | D:5      | Noticed a water elemental
  7793 | D:5      | Noticed a fire elemental
  7793 | D:5      | Noticed an air elemental
  8097 | D:5      | Reached skill level 5 in Throwing
  8097 | D:5      | Reached XP level 8. HP: 61/61 MP: 8/8
  8124 | D:5      | Upgraded the game from 0.23-a0-573-g25f4479 to
                  | 0.23-a0-607-g760965b7
  8589 | D:5      | Reached skill level 1 in Armour
  9145 | D:6      | Found a basalt altar of Yredelemnul.
  9225 | D:6      | Reached skill level 5 in Fighting
 10147 | D:6      | Upgraded the game from 0.23-a0-607-g760965b7 to
                  | 0.23-a0-612-gcb482e9
 10225 | D:6      | Found Puhusass's Book Shop.
 10660 | D:7      | Found a hide-covered altar of Uskayaw.
 10834 | D:7      | Noticed Prince Ribbit
 10842 | D:7      | Killed Prince Ribbit
 10915 | D:7      | Noticed a hippogriff
 10974 | D:6      | Killed a hippogriff
 10974 | D:6      | Reached XP level 9. HP: 44/69 MP: 9/9
 12156 | D:7      | Upgraded the game from 0.23-a0-612-gcb482e9 to
                  | 0.23-a0-643-g9ccc95a
 12634 | D:7      | Upgraded the game from 0.23-a0-643-g9ccc95a to
                  | 0.23-a0-650-ga4d50d4
 13135 | D:8      | Found a sacrificial altar of Ru.
 13273 | D:8      | Reached skill level 1 in Spellcasting
 13634 | D:8      | Found a staircase to the Lair.
 13898 | D:8      | Noticed a troll
 15803 | D:8      | Killed a troll
 15803 | D:8      | Reached XP level 10. HP: 62/76 MP: 14/14
 17445 | D:8      | Upgraded the game from 0.23-a0-650-ga4d50d4 to
                  | 0.23-a0-667-gc184e93
 17569 | D:8      | Upgraded the game from 0.23-a0-667-gc184e93 to
                  | 0.23-a0-677-g07611c5
 17689 | D:9      | Noticed a two-headed ogre
 17800 | D:9      | Upgraded the game from 0.23-a0-677-g07611c5 to
                  | 0.23-a0-681-g26ad783
 17823 | D:9      | Found a white marble altar of Elyvilon.
 17823 | D:9      | Found a shimmering altar of Xom.
 17919 | D:9      | Noticed Harold
 18113 | D:8      | Killed Harold
 18113 | D:8      | Reached skill level 5 in Armour
 18185 | D:10     | Entered Level 10 of the Dungeon
 18278 | D:9      | Killed a two-headed ogre
 18278 | D:9      | Reached skill level 1 in Long Blades
 18362 | D:9      | Upgraded the game from 0.23-a0-681-g26ad783 to
                  | 0.23-a0-705-g0e654d2
 18362 | D:9      | Upgraded the game from 0.23-a0-705-g0e654d2 to
                  | 0.23-a0-713-ge59bbb1
 18595 | D:9      | Found a hazy altar of Hepliaklqana.
 18769 | D:9      | Found an iron altar of Okawaru.
 19035 | D:9      | Reached skill level 10 in Stealth
 19159 | D:9      | Found an ancient bone altar of Kikubaaqudgha.
 19195 | D:9      | Became a worshipper of Kikubaaqudgha
 19356 | D:8      | Reached skill level 5 in Spellcasting
 19526 | D:9      | Reached skill level 1 in Necromancy
 19526 | D:9      | Reached XP level 11. HP: 44/84 MP: 18/18
 20055 | D:9      | Reached * piety under Kikubaaqudgha
 20055 | D:9      | Identified Kikubaaqudgha's Volume of Black Secrets
                  | (Kikubaaqudgha gifted it to you on level 9 of the Dungeon)
 20055 | D:9      | Received a gift from Kikubaaqudgha
 20185 | D:9      | Upgraded the game from 0.23-a0-713-ge59bbb1 to
                  | 0.23-a0-726-g9fa1570
 20372 | D:10     | Noticed an unseen horror
 20375 | D:10     | Noticed Nergalle
 20623 | D:10     | Noticed Maurice
 20781 | D:10     | Killed Maurice
 20864 | D:10     | Learned a level 3 spell: Vampiric Draining
 21143 | D:10     | Reached ** piety under Kikubaaqudgha
 21206 | D:10     | Noticed a white ugly thing
 21346 | D:10     | Killed Nergalle
 21346 | D:10     | Reached skill level 1 in Evocations
 21829 | D:11     | Noticed a white ugly thing
 21909 | D:11     | Noticed Urug
 22135 | Lair:1   | Entered Level 1 of the Lair of Beasts
 22203 | Lair:1   | Upgraded the game from 0.23-a0-726-g9fa1570 to
                  | 0.23-a0-730-g0b75920
 22309 | Lair:1   | Noticed a seven-headed hydra
 22387 | Lair:1   | Noticed Sonja
 22417 | Lair:1   | Killed Sonja
 22625 | Lair:1   | Reached skill level 5 in Necromancy
 22945 | Lair:1   | Upgraded the game from 0.23-a0-730-g0b75920 to
                  | 0.23-a0-756-g517b432
 23371 | Lair:2   | Noticed a seven-headed hydra
 23548 | Lair:2   | Reached XP level 12. HP: 80/94 MP: 21/21
 23881 | Lair:1   | Reached *** piety under Kikubaaqudgha
 23881 | Lair:1   | Identified Kikubaaqudgha's Papyrus of Black Arts
                  | (Kikubaaqudgha gifted it to you on level 1 of the Lair of
                  | Beasts)
 23881 | Lair:1   | Received a gift from Kikubaaqudgha
 23888 | Lair:1   | Learned a level 4 spell: Animate Dead
 23948 | Lair:2   | Noticed a five-headed hydra
 23985 | Lair:2   | Killed a five-headed hydra
 24041 | Lair:2   | Got a spiked scale mail
 24046 | Lair:2   | Identified the cursed +1 scale mail of the Gardener {rF+
                  | Dex+3 Stlth+} (You found it on level 2 of the Lair of
                  | Beasts)
 24146 | Lair:2   | Noticed a seven-headed hydra
 24644 | Lair:2   | Reached skill level 5 in Evocations
 25777 | Lair:2   | Learned a level 6 spell: Simulacrum
 25959 | Lair:3   | Reached skill level 1 in Ice Magic
 26054 | Lair:3   | Reached **** piety under Kikubaaqudgha
 26444 | Lair:4   | Noticed a death yak
 26450 | Lair:4   | Noticed a death yak
 26451 | Lair:4   | Noticed a death yak
 26451 | Lair:4   | Noticed a death yak
 26453 | Lair:4   | Killed a death yak
 26468 | Lair:4   | Killed a death yak
 26488 | Lair:4   | Killed a death yak
 26656 | Lair:4   | Killed a death yak
 26681 | Lair:4   | Upgraded the game from 0.23-a0-756-g517b432 to
                  | 0.23-a0-808-gd21de94
 26882 | Lair:4   | Reached XP level 13. HP: 100/100 MP: 23/23
 26899 | Lair:4   | Found a staircase to the Swamp.
 27107 | Lair:4   | Found a hole to the Spider Nest.
 27634 | Lair:5   | Noticed Rupert
 27714 | Lair:5   | You are sucked into a shaft!
 27714 | Lair:6   | Entered Level 6 of the Lair of Beasts
 27716 | Lair:6   | Found a gate leading to a gauntlet.
 27964 | Lair:1   | Upgraded the game from 0.23-a0-808-gd21de94 to
                  | 0.24-a0-317-g5cb8de4
 28000 | Lair:1   | Upgraded the game from 0.24-a0-317-g5cb8de4 to
                  | 0.24-a0-513-g284f782
 28008 | Lair:1   | Upgraded the game from 0.24-a0-513-g284f782 to
                  | 0.24-a0-516-g9de272b
 28112 | Lair:2   | Upgraded the game from 0.24-a0-516-g9de272b to
                  | 0.24-a0-581-gc0fa660
 28115 | Lair:2   | Learned a level 1 spell: Confusing Touch
 28277 | Lair:4   | Reached skill level 1 in Hexes
 28291 | Lair:5   | Found a staircase to the Slime Pits.
 28319 | Lair:5   | Noticed Nessos
 28787 | Lair:5   | Lost strength.
 29434 | Lair:5   | Got an ichor-stained scale mail
 29509 | Lair:4   | Identified the cursed +1 scale mail of Heto {*Drain rElec
                  | Int+6} (You found it on level 5 of the Lair of Beasts)
 30605 | D:11     | Found a staircase to the Orcish Mines.
 30629 | D:11     | Noticed Erica
 30666 | D:11     | Killed Erica
 30791 | D:11     | Found a blossoming altar of Fedhas.
 30942 | D:11     | Killed Urug
 30942 | D:11     | Reached skill level 5 in Hexes
 31022 | D:12     | Reached ***** piety under Kikubaaqudgha
 31521 | D:12     | Found Qeutirua's Gadget Emporium.
 31892 | D:12     | Noticed a fire giant
 31901 | D:12     | Noticed vegansnacktivist's ghost (journeyman DDFi)
 32184 | D:12     | Found a runed translucent gate.
 32185 | D:12     | Found a runed translucent gate.
 32186 | D:12     | Found a runed translucent gate.
 32644 | Lair:5   | Identified the +5 shortbow of Faetut {flame, MR+}
 32816 | Lair:5   | Killed Nessos
 32912 | Lair:5   | Paralysed by Rupert for 7 turns
 32928 | Lair:5   | Noticed Kirke
 33054 | Lair:5   | Paralysed by Rupert for 6 turns
 33082 | Lair:4   | Noticed a sphinx
 33086 | Lair:4   | Paralysed by a sphinx for 5 turns
 33106 | Lair:4   | Paralysed by a sphinx for 7 turns
 33110 | Lair:4   | Killed Kirke
 33110 | Lair:4   | Reached skill level 10 in Necromancy
 34026 | Lair:6   | Reached XP level 14. HP: 106/106 MP: 26/26
 34410 | Lair:5   | Paralysed by Rupert for 2 turns
 35048 | Orc:1    | Entered Level 1 of the Orcish Mines
 35429 | Orc:1    | Found a transporter.
 35429 | Orc:1    | Noticed 27lvlRevel's ghost (journeyman GnSk)
 35473 | Orc:1    | Found Wasebax's Magic Scroll Shoppe.
 35497 | Orc:1    | Found a transporter.
 36124 | D:13     | Reached ****** piety under Kikubaaqudgha
 36139 | D:13     | Found a runed translucent door.
 36165 | D:12     | Lost strength.
 36276 | D:13     | Found a runed translucent door.
 36365 | D:13     | Noticed Frances
 36924 | D:12     | Reached skill level 10 in Hexes
 39017 | Orc:1    | Found a roughly hewn altar of Beogh.
 39446 | Orc:1    | Bought 2 scrolls of identify for 48 gold pieces
 39446 | Orc:1    | Bought a scroll of teleportation for 36 gold pieces
 39446 | Orc:1    | Bought a scroll of teleportation for 36 gold pieces
 39446 | Orc:1    | Bought a scroll of fear for 42 gold pieces
 39446 | Orc:1    | Bought a scroll of fear for 42 gold pieces
 39446 | Orc:1    | Bought a scroll of identify for 24 gold pieces
 39780 | Orc:2    | Entered Level 2 of the Orcish Mines
 40503 | Orc:2    | Noticed Donald
 40608 | Orc:2    | Reached skill level 5 in Long Blades
 41036 | D:5      | Bought a potion of cancellation for 80 gold pieces
 41040 | D:5      | Bought a potion of curing for 30 gold pieces
 41040 | D:5      | Bought a potion of haste for 100 gold pieces
 44218 | Lair:6   | Got a sparkling bone ring
 44836 | Lair:5   | HP: 1/87 [death yak (18)]
 44837 | Lair:5   | Mangled by a death yak

Levels and vault maps discovered:
D:1:      nicolae_arrival_memento_mori
D:2:      vehumet_crystals, grunt_dithmenos_smoke, chequers_big_river,
          uniq_terence
D:3:      nicolae_overflow_hidden_temple, lemuel_doored_altar,
          gup_sewer_entry_glass, uniq_robin, uniq_sigmund
D:4:      old_standard_altar, first_ration, uniq_eustachio, uniq_menkaure
D:5:      nicolae_qazlal_style_of_elements, minmay_temple_entry_proselytizer,
          serial_shops, shop
D:6:      kennysheep_mini_moat, serial_shops, kennysheep_little_box
D:7:      basic_altar, uniq_prince_ribbit1
D:8:      nicolae_overflow_crystal_walls, erik_lair_island
D:9:      lemuel_round_altar, overflow_temple_1_default,
          okawaru_metal_pillars_3, gammafunk_temple_overflow_wave, special_room,
          grunt_livestock, kennysheep_generic_room_8, uniq_harold
D:10:     minmay_slanted_spiral_squares, uniq_maurice, uniq_nergalle
D:11:     orc_0_dummy, serial_column_ruins, column_ruins_hut_ruined,
          column_ruins_open_medium, column_ruins_open_medium,
          column_ruins_corridor_corner, column_ruins_columns_straight,
          column_ruins_open_small, basic_altar, uniq_erica, uniq_urug
D:12:     layout_loops_ring, serial_shops, nicolae_shop_statue_plus,
          gammafunk_ghost_split
D:13:     layout_gridville, lightli_vaults_fourway_checkpoint,
          ebering_ghost_rock_garden, minmay_statue_crystal_thing, uniq_snorg,
          uniq_frances, uniq_azrael
Temple:   jpeg_temple_island
Lair:1:   infiniplex_staircase_pool_2, uniq_sonja
Lair:2:   beast_lair_carwin_10, minmay_lair_oklob_chamber
Lair:3:   lemuel_fruit_tree, grunt_megastairs_4
Lair:4:   minmay_swamp_entry_worms, dummy_spider_entry, serial_bayou_shore_b
Lair:5:   slime_dummy, chequers_serial_rivers_small_3,
          grunt_forest_stairs_clearing, uniq_nessos, uniq_kirke, uniq_rupert
Lair:6:   hangedman_lair_caniforms_friends, hangedman_lair_in_review,
          gauntlet_entry_generic
Orc:1:    layout_caves, gammafunk_ghost_arena, serial_shops, shop, basic_altar
Orc:2:    pf_orc_diabolical, layout_diamond_mine,
          nicolae_volcano_entry_vermiform, uniq_donald

Skill      XL: |  1  2  3  4  5  6  7  8  9 10 11 12 13 14 |
---------------+-------------------------------------------+-----
Fighting       | 2 3 4 6 7 8 9 |  9.8
Throwing       | 2 3 4 5 6 |  6.0
Short Blades   | 3 5 6 8 9 |  9.5
Armour         | 3 4 5 6 |  6.9
Stealth        | 8 10 | 10.0
Spellcasting   | 2 5 6 8 |  8.6
Long Blades    | 3 5 |  5.7
Necromancy     | 1 5 8 10 11 | 11.5
Evocations     | 3 6 8 |  8.3
Ice Magic      | 3 4 |  4.0
Hexes          | 9 11 | 11.4
Dodging        | |  1.1

Action                   |  1- 3 |  4- 6 |  7- 9 | 10-12 | 13-15 || total
-------------------------+-------+-------+-------+-------+-------++-------
Melee: Dagger            |    75 |   255 |   505 |  1179 |  1940 ||  3954
       Bite              |     6 |    27 |    70 |   192 |   177 ||   472
       Unarmed           |       |     8 |    12 |     6 |     2 ||    28
       Scimitar          |       |       |       |       |    80 ||    80
 Fire: Blowgun           |     6 |    46 |   172 |   125 |       ||   349
Throw: Throwing net      |       |       |       |     3 |     4 ||     7
       Dart              |       |       |       |       |   126 ||   126
 Cast: Animate Dead      |       |       |       |    12 |     5 ||    17
       Vampiric Draining |       |       |       |     2 |       ||     2
       Confusing Touch   |       |       |       |       |    31 ||    31
Invok: Receive Corpses   |       |       |       |     1 |       ||     1
 Abil: Bat Form          |     2 |    13 |    50 |    86 |    22 ||   173
       End Transformatio |     2 |    13 |    50 |    86 |    21 ||   172
       Exsanguinate      |       |       |       |       |     5 ||     5
       Revivify          |       |       |       |       |     4 ||     4
Evoke: Wand              |       |       |       |     5 |    21 ||    26
       Box of beasts     |       |       |       |       |     1 ||     1
  Use: Potion            |       |     6 |     9 |    12 |    32 ||    59
       Scroll            |       |     1 |     1 |    13 |    22 ||    37
 Stab: Sleeping          |     9 |     9 |    15 |    39 |    31 ||   103
       Distracted        |       |       |     2 |     4 |     9 ||    15
       Held in net/web   |       |       |       |     1 |     1 ||     2
       Confused          |       |       |       |     1 |    25 ||    26
       Invisible         |       |       |       |       |     4 ||     4
  Eat: Corpse            |       |     2 |     8 |     3 |       ||    13
Armor: Robe              |    25 |    74 |    99 |     5 |       ||   203
       Troll leather arm |       |       |       |   169 |       ||   169
       Scale mail        |       |       |       |    76 |   900 ||   976
Dodge: Dodged            |    33 |   142 |   234 |   510 |   433 ||  1352
       Deflected         |       |       |     1 |    17 |    12 ||    30
       Rpst.: Scimitar   |       |       |       |       |     3 ||     3

Table legend:
 A = Non-vault XP
 B = Vault XP
 C = Vault XP percentage of total XP
 D = Non-vault monster count
 E = Vault monster count
 F = Vault count percentage of total count
                 A         B        C        D         E       F
            +---------+---------+-------+---------+---------+-------
      Total |   66466 |   28778 |  30.2 |     567 |     130 |  18.7
            +---------+---------+-------+---------+---------+-------
        D:1 |      33 |       0 |   0.0 |      21 |       0 |   0.0
        D:2 |     145 |       0 |   0.0 |      24 |       0 |   0.0
        D:3 |     547 |       0 |   0.0 |      34 |       0 |   0.0
        D:4 |     411 |     214 |  34.2 |      20 |       1 |   4.8
        D:5 |     334 |      40 |  10.7 |      13 |       1 |   7.1
        D:6 |     905 |       0 |   0.0 |      19 |       0 |   0.0
        D:7 |     734 |     259 |  26.1 |      18 |       1 |   5.3
        D:8 |    2112 |    2127 |  50.2 |      45 |      10 |  18.2
        D:9 |    2629 |    2153 |  45.0 |      38 |      24 |  38.7
       D:10 |    2705 |    1527 |  36.1 |      33 |       5 |  13.2
       D:11 |    3212 |    1730 |  35.0 |      31 |       2 |   6.1
       D:12 |    7651 |       0 |   0.0 |      48 |       0 |   0.0
       D:13 |    1579 |     450 |  22.2 |      20 |       1 |   4.8
     Lair:1 |    6411 |    1180 |  15.5 |      29 |       2 |   6.5
     Lair:2 |    6257 |    2155 |  25.6 |      29 |       8 |  21.6
     Lair:3 |    2798 |     216 |   7.2 |      17 |       2 |  10.5
     Lair:4 |    6833 |    3414 |  33.3 |      20 |       9 |  31.0
     Lair:5 |    6030 |    4117 |  40.6 |      27 |      19 |  41.3
     Lair:6 |    9032 |    9026 |  50.0 |      21 |      43 |  67.2
      Orc:1 |    5230 |       0 |   0.0 |      33 |       0 |   0.0
      Orc:2 |     877 |     170 |  16.2 |      26 |       2 |   7.1
      Sewer |       1 |       0 |   0.0 |       1 |       0 |   0.0
            +---------+---------+-------+---------+---------+-------
